 Dungeon Crawl Stone Soup version 0.23.2-40-g277498a001 (webtiles) character file.

Game seed: 17156230056060270893

519 Emblim88 the Covert (level 7, -1/47 HPs)
             Began as an Octopode Assassin on Oct 17, 2019.
             Succumbed to Eustachio's poison
             ... on level 4 of the Dungeon.
             The game lasted 00:03:48 (3536 turns).

Emblim88 the Covert (Octopode Assassin)             Turns: 3536, Time: 00:03:49

Health: -1/47      AC:  5    Str: 10    XL:     7   Next: 21%
Magic:  6/6        EV: 18    Int: 14    God:
Gold:   255        SH:  0    Dex: 19    Spells: 6/6 levels left

rFire    . . .     SeeInvis .   a - +2 dagger
rCold    . . .     Gourm    .   (no shield)
rNeg     . . .     Faith    .   i - +2 hat
rPois    .         Spirit   .   (no amulet)
rElec    .         Reflect  .   n - +4 ring of dexterity
rCorr    .         Harm     .   o - +3 ring of evasion
MR       .....                  (no ring)
Stlth    +++++.....             (no ring)
HPRegen  0.15/turn              (no ring)
MPRegen  0.10/turn              (no ring)
                                (no ring)
                                (no ring)

@: lethally poisoned (-1 -> -21)
A: almost no armour, stealthy swim, amphibious, 8 rings, constrict 8, molten
scales 1, camouflage 1, low mp 1, gelatinous body 1, subdued magic 2
a: no special abilities


You were on level 4 of the Dungeon.
You were very hungry.

You visited 1 branch of the dungeon, and saw 4 of its levels.

You collected 255 gold pieces.

Inventory:

Hand Weapons
 a - a +2 dagger (weapon)
 b - a +0 blowgun
Missiles
 c - 17 poisoned needles
 d - 2 curare-tipped needles
Armour
 i - a +2 hat (worn)
Jewellery
 n - a +4 ring of dexterity (left tentacle)
 o - a +3 ring of evasion (right tentacle)
Scrolls
 g - a scroll of fear {unknown}
 h - 5 scrolls of identify {unknown}
 k - a scroll of fog {unknown}
 m - a scroll of enchant weapon {unknown}
 p - a scroll of remove curse {unknown}
 r - a scroll of blinking {unknown}
Potions
 e - a potion of agility {unknown}
 j - a potion of haste
 l - a potion of brilliance {unknown}
 q - 3 potions of curing {unknown}
Comestibles
 f - 9 rations


   Skills:
 + Level 3.7 Fighting
 + Level 3.8 Short Blades
 - Level 2.0 Throwing
 + Level 3.2 Dodging
 * Level 8.5 Stealth


You had 6 spell levels left.
You didn't know any spells.
Your spell library was empty.

Dungeon Overview and Level Annotations

Branches:
Dungeon (4/15)
 Temple: D:4-7

Altars:
Gozag

Annotations:
D:4 Eustachio


Innate Abilities, Weirdness & Mutations

You cannot wear most types of armour.
You are very stealthy in the water. (Stealth+)
You are amphibious.
You can wear up to eight rings at the same time.
You can use your tentacles to constrict eight enemies at once.
Your skin changes colour to match your surroundings (Stealth+).
Your rubbery body absorbs attacks. (AC +1, EV +1)
You are partially covered in molten scales. (AC +2)
Your magical capacity is low. (-10% MP)
Your spells are easier to cast, but less powerful.


Message History

You feel sick. The bat barely misses you. The river rat completely misses you.
Something hits you.
* * * LOW HITPOINT WARNING * * *
You are more poisoned.
You miss something.
* * * LOW HITPOINT WARNING * * *
You feel sick. The bat completely misses you. The river rat misses you.
You closely miss something. Your squeeze misses something.
* * * LOW HITPOINT WARNING * * *
You feel sick. The bat completely misses you. The ufetubus closely misses you.
The ufetubus barely misses you. Something hits you.
* * * LOW HITPOINT WARNING * * *
The river rat misses you.
You miss something.
* * * LOW HITPOINT WARNING * * *
You feel sick. The bat closely misses you. The ufetubus closely misses you. x2
Something closely misses you. The bat misses you.
The river rat barely misses you.
You hit something.
You die...

..###.....#.###
.......#. #......##
.........##.......##
...##........>....#
.............##...#
####...##....#.....# .##
##...........#...!##....
....##......##.##5..#
......(.##.....b@r5##
#..............##{r#
#..........####...W#
.......##.## ........
.......##.# #.........
.......#..##............
##.....##...# .###..#..
.......###..# .##..
.#......##..#


You could see a phantom, a quasit, 2 river rats, an ufetubus and a bat.

Vanquished Creatures
  Duvessa (D:4)
  An ogre (D:4)
  Dowan (D:4)
  2 hounds (D:4)
  2 orc priests (D:3)
  An orc wizard (D:3)
  A worker ant (D:4)
  5 adders
  3 worms (D:2)
  2 leopard geckos
  4 orcs (D:3)
  2 bats
  5 giant cockroaches
  7 goblins
  6 hobgoblins
  2 jackals (D:4)
  2 frilled lizards
  12 kobolds
  6 rats
65 creatures vanquished.

Notes
Turn   | Place    | Note
-------+----------+-------------------------------------------
     0 | D:1      | Emblim88 the Octopode Assassin began the quest for the Orb.
     0 | D:1      | Reached XP level 1. HP: 14/14 MP: 1/1
   280 | D:1      | Reached XP level 2. HP: 17/19 MP: 2/2
   660 | D:2      | Reached XP level 3. HP: 25/25 MP: 3/3
   678 | D:2      | Reached skill level 6 in Stealth
  1005 | D:2      | Found an opulent altar of Gozag.
  1096 | D:2      | Reached XP level 4. HP: 29/30 MP: 4/4
  2258 | D:3      | Gained mutation: Your spells are a little easier to cast,
                  | but a little less powerful. [potion of mutation]
  2258 | D:3      | Gained mutation: Your magical capacity is low. (-10% MP)
                  | [potion of mutation]
  2258 | D:3      | Gained mutation: Your spells are easier to cast, but less
                  | powerful. [potion of mutation]
  2258 | D:3      | Gained mutation: You are partially covered in molten
                  | scales. (AC +2) [potion of mutation]
  2266 | D:3      | Reached XP level 5. HP: 36/36 MP: 4/4
  2279 | D:3      | Reached skill level 7 in Stealth
  2513 | D:4      | Reached XP level 6. HP: 21/42 MP: 5/5
  2881 | D:4      | Reached skill level 8 in Stealth
  3160 | D:4      | Noticed Duvessa
  3160 | D:4      | Noticed Dowan
  3165 | D:4      | Killed Dowan
  3183 | D:4      | Killed Duvessa
  3183 | D:4      | Reached XP level 7. HP: 7/47 MP: 6/6
  3519 | D:4      | Noticed Eustachio
  3534 | D:4      | HP: 2/47 [something (4)]
  3536 | D:4      | Succumbed to Eustachio's poison

Skill      XL: |  1  2  3  4  5  6 |
---------------+-------------------+-----
Stealth        | 6 7 8 |  8.5
Dodging        | 2 3 |  3.2
Fighting       | 3 |  3.7
Short Blades   | 3 |  3.8
Throwing       | |  2.0

Action                   |  1- 3 |  4- 6 |  7- 9 || total
-------------------------+-------+-------+-------++-------
Melee: Dagger            |    49 |   109 |    36 ||   194
       Constrict         |     9 |    11 |       ||    20
       Tentacles         |     7 |    22 |     6 ||    35
  Use: Potion            |       |     7 |       ||     7
 Stab: Sleeping          |    11 |    11 |       ||    22
       Distracted        |     2 |     1 |       ||     3
       Invisible         |       |     4 |       ||     4
  Eat: Chunk             |       |     7 |       ||     7
Armor: Skin              |     4 |    30 |     1 ||    35
Dodge: Dodged            |    18 |    50 |    27 ||    95
